 Dungeon Crawl Stone Soup version 0.21.1-1-g345015f (webtiles) character file.

13346 iamserjio the Cleaver (level 12, -33/85 HPs)
             Began as an Octopode Fighter on Apr 12, 2018.
             Was an Elder of Zin.
             Annihilated by a very large slime creature (64 damage)
             ... on level 12 of the Dungeon.
             The game lasted 01:09:06 (13899 turns).

iamserjio the Cleaver (Octopode Fighter)           Turns: 13899, Time: 01:09:07

Health: -33/85     AC:  1    Str: 20    XL:     12   Next: 5%
Magic:  16/16      EV: 24    Int: 10    God:    Zin [****..]
Gold:   31         SH: 11    Dex: 17    Spells: 11/11 levels left

rFire    + + .     SeeInvis .   I - +5 mace of the Bruised Wars {distort, rElec Dex+2}
rCold    + . .     Gourm    .   b - +1 shield
rNeg     . . .     Faith    .   (helmet restricted)
rPois    +         Spirit   .   E - amulet of rage
rElec    +         Reflect  .   k - +6 ring of evasion
rCorr    +         Harm     .   s - ring of resist corrosion
MR       .....                  Q - +3 ring of strength
Stlth    +++++.....             T - ring of protection from fire
HPRegen  0.24/turn              (no ring)
MPRegen  0.15/turn              (no ring)
                                (no ring)
                                (no ring)

@: resistant
A: almost no armour, stealthy swim, amphibious, 8 rings, constrict 8, camouflage
1, gelatinous body 1
a: Recite, Vitalisation, Imprison, Donate Gold, Renounce Religion, Evoke Berserk
Rage


You were on level 12 of the Dungeon.
You worshipped Zin.
Zin was greatly pleased with you.
You were very hungry.

You visited 2 branches of the dungeon, and saw 13 of its levels.
You also visited: Sewer.

You collected 640 gold pieces.
You spent 238 gold pieces at shops.
You donated 371 gold pieces to Zin.

Inventory:

Hand Weapons
 a - a +0 war axe
 h - a +1 vampiric spear
 l - a +1 mace of protection
 A - a +2 short sword of protection
 F - a +1 whip of electrocution
 I - the +5 mace of the Bruised Wars (weapon) {distort, rElec Dex+2}
   (You found it on level 5 of the Dungeon)

   It warps and distorts space around it.
   Unwielding it can cause banishment or high damage.
   It affects your dexterity (+2).
   It insulates you from electricity.
 J - a cursed -1 morningstar
 M - a +0 flail of holy wrath
 N - a +1 whip of electrocution
 S - a +2 short sword of electrocution
 U - a cursed -2 whip
Missiles
 q - 258 arrows
 C - 210 stones (quivered)
Armour
 b - a +1 shield (worn)
 D - a cursed +0 large shield
Magical Staves
 o - an uncursed staff of conjuration
Jewellery
 k - a +6 ring of evasion (left tentacle)
 s - a ring of resist corrosion (right tentacle)
 E - an amulet of rage (around mantle)
 Q - a +3 ring of strength (on tentacle)
 T - a ring of protection from fire (on tentacle)
Wands
 H - a wand of flame (39)
 O - a wand of acid (4)
 V - a wand of iceblast (13)
Scrolls
 e - 8 scrolls of teleportation
 f - 2 scrolls of enchant armour
 i - 5 scrolls of remove curse
 n - a scroll of immolation {unknown}
 p - 3 scrolls of enchant weapon
 u - 7 scrolls of fear {unknown}
 y - 3 scrolls of amnesia
 z - a scroll of vulnerability {unknown}
 B - a scroll of magic mapping
 R - a scroll of blinking {unknown}
Potions
 c - 4 potions of might
 g - 2 potions of flight {unknown}
 j - 3 potions of mutation
 m - a potion of magic {unknown}
 t - 2 potions of haste {unknown}
 w - 4 potions of brilliance
 G - 2 potions of agility {unknown}
 K - a potion of degeneration {unknown}
 P - a potion of invisibility {unknown}
Books
 v - a book of Frost

   Spells                             Type                      Level
   a - Freeze                         Ice                          1
   b - Throw Frost                    Conjuration/Ice              2
   c - Ozocubu's Armour               Charms/Ice                   3
   d - Throw Icicle                   Conjuration/Ice              4
   e - Summon Ice Beast               Ice/Summoning                4
 x - a book of Cantrips

   Spells                             Type                      Level
   a - Confusing Touch                Hexes                        1
   b - Animate Skeleton               Necromancy                   1
   c - Summon Small Mammal            Summoning                    1
   d - Apportation                    Translocation                1
Comestibles
 d - 12 rations


   Skills:
 + Level 9.0 Fighting
 * Level 12.0 Axes
 + Level 9.1 Dodging
 - Level 7.0 Stealth
 + Level 5.5 Shields
 + Level 5.8 Invocations


You had 11 spell levels left.
You didn't know any spells.

Dungeon Overview and Level Annotations

Branches:
Dungeon (12/15)            Temple (1/1) D:4            Lair (0/6) D:9
    Orc (0/2) D:10

Altars:
Ashenzari
Cheibriados
Dithmenos
Elyvilon
Fedhas
Gozag
Hepliaklqana
Kikubaaqudgha
Makhleb
Nemelex Xobeh
Okawaru
Qazlal
Ru
Sif Muna
Trog
Uskayaw
Vehumet
Wu Jian
Xom
Yredelemnul
Zin
The Shining One

Shops:
D:8 [   D:11 ?

Annotations:
Abyss:1 Duvessa, Gastronok, Grinder, Ijyb, Josephine


Innate Abilities, Weirdness & Mutations

You cannot wear most types of armour.
You are very stealthy in the water. (Stealth+)
You are amphibious.
You can wear up to eight rings at the same time.
You can use your tentacles to constrict eight enemies at once.
Your skin changes colour to match your surroundings (Stealth+).
Your rubbery body absorbs attacks. (AC +1, EV +1)


Message History

Wisps of shadow whirl around you...
Two slime creatures merge to form a large slime creature.
You block the slime creature's attack.
The very large slime creature misses you.
You feel protected. The slime creature hits your ogre!!
The slime creature misses you.
The very large slime creature closely misses you.
Your iguana bites the large slime creature!
Your ogre hits the very large slime creature with a giant club!!
You hit the slime creature.
Space warps horribly around the slime creature!
You squeeze the slime creature.
The slime creature is heavily wounded.
The slime creature hits your ogre!
Your ogre dies!
Your ogre's corpse dissolves into shadows!
You block the slime creature's attack.
The very large slime creature hits you!!!
Ouch! That really hurt!
You die...

#.## #.## #####.#####
#.# #..# #.# #.# ##.#
#.####### #+# #.#
#.J.....# #.# ##.##.#.#
## #.# #.##.#.# ##.##.#
#..#.#.#
###...#C#########....#.#
.
.......JJ@J.J..........+
.
###...#l#########...##.#
. ##.##.# #..###.# . ##
#.# #.....># . #.#
##.##### # ##.## #.#
###.#...# #.# .......#.#
#.# .###.#..<# ##


You could see a very large slime creature, a large slime creature, 2 slime
creatures, a friendly cyclops and a friendly iguana.

Vanquished Creatures
  A two-headed ogre (D:9)
  Pikel (D:9)
  The ghost of vatarom the Caller, a novice MfSu (D:6)
  A cyclops (D:11)
  2 ugly things (D:11)
  An elephant (D:9)
  3 trolls
  A slime creature (D:12)
  3 hippogriffs
  Sigmund (D:3)
  3 yaks (D:10)
  A shadow (D:11)
  A basilisk (D:9)
  3 wraiths (D:10)
  A human (D:7)
  4 hogs (D:7)
  Menkaure (D:5)
  Purgy (Sewer)
  2 sky beasts
  3 phantoms
  3 orc warriors
  4 slaves (D:9)
  A necrophage (D:12)
  4 ogres
  5 centaurs
  A crocodile (D:9)
  3 big kobolds
  3 bullfrogs
  A gnoll sergeant (D:11)
  Dowan (D:6)
  5 killer bees (D:10)
  A scorpion (D:8)
  3 wights (D:7)
  4 howler monkeys
  A crimson imp (D:8)
  A centaur zombie (D:5)
  A bullfrog skeleton (D:4)
  Crazy Yiuf (D:5)
  6 orc priests
  A gnoll shaman (D:4)
  2 hounds
  5 iguanas
  6 orc wizards
  5 worker ants
  A killer bee zombie (D:10)
  2 hound zombies
  A hound skeleton (D:4)
  Robin (D:2)
  6 gnolls
  8 adders
  2 shadow imps (D:10)
  2 oozes
  An adder zombie (D:6)
  An adder skeleton (D:8)
  4 worms
  12 dart slugs
  9 leopard geckos
  30 orcs
  4 giant cockroaches
  13 goblins
  4 hobgoblins
  8 jackals
  27 kobolds
  2 quokkas
  6 bats
  5 frilled lizards
  A leopard gecko zombie (D:6)
  A quokka skeleton (D:4)
  6 rats
260 creatures vanquished.

Vanquished Creatures (others)
  A two-headed ogre (D:8)
  A komodo dragon (D:11)
  A troll (D:10)
  A yak (D:10)
  A sky beast (D:8)
  A black bear (D:10)
  A killer bee (D:10)
  A wight (D:7)
  A crimson imp (D:11)
  A centaur zombie (D:6)
  An orc priest (D:8)
  A hound (D:9)
  A hound skeleton (D:7)
13 creatures vanquished.

Grand Total: 273 creatures vanquished

Notes
Turn   | Place    | Note
-------+----------+-------------------------------------------
     0 | D:1      | iamserjio the Octopode Fighter began the quest for the Orb.
     0 | D:1      | Reached XP level 1. HP: 16/16 MP: 1/1
   362 | D:1      | Reached XP level 2. HP: 13/21 MP: 2/2
   383 | D:1      | Reached skill level 1 in Stealth
   903 | D:2      | Reached XP level 3. HP: 24/26 MP: 3/3
  1130 | D:2      | Noticed Robin
  1145 | D:2      | Killed Robin
  1271 | D:2      | Reached XP level 4. HP: 13/31 MP: 4/4
  1676 | D:2      | Found a white marble altar of Elyvilon.
  1677 | D:2      | Found a glowing golden altar of the Shining One.
  1952 | D:2      | Found an opulent altar of Gozag.
  2182 | D:3      | Found a radiant altar of Vehumet.
  2182 | D:3      | Found a sparkling altar of Nemelex Xobeh.
  2183 | D:3      | Found a deep blue altar of Sif Muna.
  2183 | D:3      | Found a sacrificial altar of Ru.
  2211 | D:3      | Found a hide-covered altar of Uskayaw.
  2416 | D:3      | Found a stormy altar of Qazlal.
  2416 | D:3      | Noticed Sigmund
  2478 | D:3      | Killed Sigmund
  2478 | D:3      | Reached skill level 3 in Axes
  2478 | D:3      | Reached XP level 5. HP: 24/37 MP: 5/5
  2478 | D:3      | Reached XP level 6. HP: 28/43 MP: 6/6
  3190 | D:4      | Found a staircase to the Ecumenical Temple.
  3199 | Temple   | Entered the Ecumenical Temple
  3356 | D:4      | Noticed a phantom
  3407 | D:4      | Killed a phantom
  3407 | D:4      | Reached skill level 4 in Axes
  3633 | D:4      | Reached skill level 5 in Stealth
  3633 | D:4      | Reached XP level 7. HP: 38/48 MP: 7/7
  4548 | D:5      | Entered Level 5 of the Dungeon
  4681 | D:5      | Noticed a two-headed ogre
  4937 | D:5      | Found a runed door.
  4941 | D:5      | Noticed Crazy Yiuf
  4949 | D:5      | Killed Crazy Yiuf
  4949 | D:5      | Reached skill level 5 in Axes
  4954 | D:5      | Got a bloodstained mace
  4955 | D:5      | Identified the +5 mace of the Bruised Wars {distort, rElec Dex+2} (You found it on level 5 of the Dungeon)
  5124 | D:5      | Noticed Menkaure
  5136 | D:5      | Killed Menkaure
  5136 | D:5      | Reached XP level 8. HP: 53/54 MP: 8/8
  5265 | D:5      | Noticed Ijyb
  5274 | D:5      | Banished Ijyb
  5408 | D:5      | Found a shadowy altar of Dithmenos.
  5718 | D:6      | Noticed vatarom's ghost (novice MfSu)
  5718 | D:6      | Noticed a hippogriff
  6042 | D:6      | Reached skill level 5 in Fighting
  6042 | D:6      | Reached skill level 6 in Axes
  6042 | D:6      | Reached skill level 5 in Dodging
  6300 | D:6      | Found a glowing drain.
  6316 | Sewer    | Entered a sewer
  6441 | Sewer    | Noticed Purgy
  6453 | Sewer    | Killed Purgy
  6623 | D:6      | Noticed Duvessa
  6627 | D:6      | Noticed Dowan
  6628 | D:6      | Banished Duvessa
  6628 | D:6      | Reached skill level 7 in Axes
  6635 | D:6      | Killed Dowan
  6656 | D:6      | Reached XP level 9. HP: 57/62 MP: 9/9
  6812 | D:6      | Noticed Grinder
  6819 | D:6      | Banished Grinder
  6946 | D:6      | Killed vatarom's ghost
  6946 | D:6      | Reached skill level 8 in Axes
  7661 | D:7      | Found a glowing silver altar of Zin.
  7664 | D:7      | Became a worshipper of Zin the Law-Giver
  7664 | D:7      | Reached * piety under Zin
  7824 | D:7      | Reached skill level 1 in Invocations
  8307 | D:7      | Reached ** piety under Zin
  8309 | D:7      | Reached skill level 9 in Axes
  8466 | D:7      | Reached XP level 10. HP: 62/69 MP: 11/11
  8814 | D:8      | Found Kyatour's Armour Shoppe.
  8920 | D:8      | Found a shattered altar of Ashenzari.
  9137 | D:8      | Noticed a two-headed ogre
  9157 | D:8      | Banished a two-headed ogre
  9632 | D:8      | Donated 187 gold pieces to Zin
  9667 | D:9      | Noticed an elephant
  9668 | D:9      | Found a staircase to the Lair.
  9688 | D:9      | Noticed Gastronok
  9788 | D:9      | Reached skill level 10 in Axes
 10202 | D:9      | Noticed a two-headed ogre
 10210 | D:9      | Killed a two-headed ogre
 10371 | D:9      | Noticed Pikel
 10393 | D:9      | Killed Pikel
 10549 | D:9      | Banished Gastronok
 10549 | D:9      | Reached skill level 5 in Invocations
 10549 | D:9      | Reached XP level 11. HP: 66/77 MP: 12/14
 10820 | D:9      | Reached skill level 11 in Axes
 11212 | D:10     | Entered Level 10 of the Dungeon
 11236 | D:10     | Noticed a two-headed ogre
 11324 | D:9      | Donated 120 gold pieces to Zin
 11379 | D:10     | Reached *** piety under Zin
 11617 | D:10     | Noticed Josephine
 11693 | D:10     | Banished Josephine
 11827 | D:10     | Found a staircase to the Orcish Mines.
 12232 | D:11     | Found Daploare's Magic Scroll Shop.
 12266 | D:11     | Bought a scroll of summoning for 133 gold pieces
 12349 | D:11     | Reached **** piety under Zin
 12399 | D:11     | Noticed a green ugly thing
 12407 | D:11     | Killed a green ugly thing
 12407 | D:11     | Reached skill level 5 in Shields
 12486 | D:11     | Noticed a purple ugly thing
 12513 | D:11     | Killed a purple ugly thing
 12679 | D:11     | Noticed a cyclops
 13252 | D:11     | Killed a cyclops
 13393 | D:11     | Bought a scroll of enchant weapon for 105 gold pieces
 13591 | D:12     | Reached skill level 12 in Axes
 13591 | D:12     | Reached XP level 12. HP: 85/85 MP: 16/16
 13899 | D:12     | Annihilated by a very large slime creature

Skill      XL: |  1  2  3  4  5  6  7  8  9 10 11 |
---------------+----------------------------------+-----
Stealth        | 1 2 4 5 6 7 |  7.0
Axes           | 3 4 5 7 9 10 12 | 12.0
Fighting       | 4 5 6 8 9 |  9.0
Dodging        | 4 5 7 8 9 |  9.1
Shields        | 4 5 |  5.5
Invocations    | 2 5 |  5.8

Action                   |  1- 3 |  4- 6 |  7- 9 | 10-12 || total
-------------------------+-------+-------+-------+-------++-------
Melee: War axe           |    65 |    98 |    45 |       ||   208
       Constrict         |    18 |    22 |    40 |    51 ||   131
       Tentacles         |     5 |    15 |    50 |    85 ||   155
       Mace              |       |       |   186 |   289 ||   475
       Spear             |       |       |     1 |       ||     1
Invok: Vitalisation      |       |       |       |     2 ||     2
       Donate Gold       |       |       |       |     2 ||     2
       Imprison          |       |       |       |     1 ||     1
 Abil: Evoke Berserk Rag |       |       |       |     2 ||     2
  Use: Scroll            |       |       |     8 |     3 ||    11
       Potion            |       |       |     5 |     7 ||    12
 Stab: Sleeping          |     5 |     8 |    17 |    19 ||    49
       Distracted        |       |       |       |     2 ||     2
  Eat: Chunk             |     1 |     6 |     7 |     4 ||    18
       Ration            |       |       |     3 |     4 ||     7
Armor: Skin              |     8 |     3 |     5 |     2 ||    18
Dodge: Dodged            |    31 |    45 |   187 |   193 ||   456
Block: Shield            |    40 |    41 |    95 |   157 ||   333
